 Dungeon Crawl Stone Soup version 0.19.0-22-gd96e5fe (webtiles) character file.

1040 Gargo the Digger (level 8, 0/41 HPs)
             Began as a Gargoyle Earth Elementalist on Nov 17, 2016.
             Slain by an orc wizard
             ... wielding a +0 dagger
              (1 damage)
             ... on level 3 of the Dungeon on Nov 19, 2016.
             The game lasted 00:45:42 (5663 turns).

Gargo the Digger (Gargoyle Earth Elementalist)      Turns: 5663, Time: 00:45:43

Health: 0/41       AC:  8    Str: 11    XL:     8   Next: 24%
Magic:  13/17      EV: 17    Int: 19    God:
Gold:   221        SH:  0    Dex: 15    Spells: 3 memorised, 11 levels left

rFire  . . .     SeeInvis .     a - +0 flail (protect)
rCold  . . .     Gourm    .     f - -1 leather armour (curse)
rNeg   + . .     Faith    .     (no shield)
rPois  ∞         Spirit   .     K - +0 helmet
rElec  +         Reflect  .     (no cloak)
rCorr  .         Harm     .     (no gloves)
MR     .....                    (no boots)
Stlth  +++.......               (no amulet)
                                (no ring)
                                (no ring)

@: agile
A: negative energy resistance 1, electricity resistance, unbreathing,
petrification resistance, rot immunity, AC +5
a: no special abilities


You were on level 3 of the Dungeon.
You were not hungry.

You visited 1 branch of the dungeon, and saw 5 of its levels.
You also visited: Sewer.

You collected 221 gold pieces.

Inventory:

Hand Weapons
 a - a +0 flail of protection (weapon)
 c - a +0 blowgun
 m - a +0 club
 q - a +1 short sword of speed
 w - a +2 dagger of venom
 x - a +1 dagger of freezing
 B - a +2 trident of protection
 C - a +2 dagger of venom
 E - a +0 whip
 G - a +0 mace
Missiles
 b - 45 stones (quivered)
 A - 7 curare-tipped needles
 I - 2 javelins
Armour
 f - a cursed -1 leather armour (worn)
 s - a +0 buckler
 z - a +0 robe
 K - a +0 helmet (worn)
Jewellery
 i - an uncursed ring of ice
Wands
 j - a wand of lightning (12/15)
Scrolls
 n - a scroll of blinking
 y - a scroll of fear
 F - a scroll of recharging
Potions
 h - a potion of flight
 k - a potion of ambrosia {unknown}
 l - a potion of brilliance
 p - 3 potions of might
 u - a potion of agility
 v - a potion of mutation {unknown}
 D - a potion of heal wounds {unknown}
 J - a potion of cure mutation
Books
 e - a book of Geomancy

   Spells                             Type                      Level
   a - Sandblast                      Earth                        1
   b - Passwall                       Transmutation/Earth          2
   c - Stone Arrow                    Conjuration/Earth            3
   d - Petrify                        Transmutation/Earth          4
   e - Lee's Rapid Deconstruction     Earth                        5
Comestibles
 d - a bread ration
 o - 3 meat rations
 r - 2 fruits
 t - a beef jerky
 H - a chunk of flesh


   Skills:
 + Level 0.0 Fighting
 + Level 0.0 Maces & Flails
 + Level 0.0 Armour
 + Level 1.5 Dodging
 - Level 2.1 Stealth
 + Level 0.0 Shields
 * Level 6.5 Spellcasting
 + Level 4.6 Conjurations
   Level 0.7 Transmutations
 + Level 6.6 Earth Magic
 + Level 0.0 Evocations


You had 11 spell levels left.
You knew the following spells:

 Your Spells              Type           Power        Failure   Level  Hunger
a - Sandblast             Erth           ####..       1%          1    None
b - Lee's Rapid Deconstr  Erth           ####......   28%         5    #####..
A - Stone Arrow           Conj/Erth      ####..       4%          3    ##.....


Dungeon Overview and Level Annotations

Branches:
Dungeon (5/15)
 Temple: D:4-7

Altars:
Gozag


Innate Abilities, Weirdness & Mutations

You are resistant to torment.
Your stone body is resilient. (AC +5)
You are immune to poison.
You resist negative energy. (rN+)
You are resistant to electric shocks. (rElec)
You can survive without breathing.
You are immune to petrification.
You are immune to rotting.


Message History

* * * LOW HITPOINT WARNING * * *
You miss something. The water moccasin closely misses you.
You hear some strange, mumbled words.
A puff of flame appears from out of thin air!
The puff of flame hits you!
* * * LOW HITPOINT WARNING * * *
The water moccasin bites you.
* * * LOW HITPOINT WARNING * * *
You feel better. Something hits you but does no damage.
The water moccasin bites you.
* * * LOW HITPOINT WARNING * * *
It was a potion of agility.
You feel agile all of a sudden.
The water moccasin bites you but does no damage.
Something hits you but does no damage.
It was a potion of cure mutation.
It has a very clean taste.
The water moccasin bites you.
* * * LOW HITPOINT WARNING * * *
Something hits you.
You die...

###....######....######.##.##....
...........................###.#.
###....################.##.# #.#.
#....# #.......#.##.# #.#. #....#
#.......#.##.###... #....#
#.......#.##..##... ######
#.......#.###.##... #.{.....#.#
#.##... #.@.....#.###..#...
#..S.......÷...#...
####...............
#............... #.............#.
######### #.............#.
#.......# #.............#.
#.......# #...........#.#.
#.......################...


You could see a water moccasin.

Vanquished Creatures
  The ghost of TotoDurand the Chiller, an amateur NaIE (D:4)
  Grinder (D:3)
  Edmund (D:3)
  A scorpion (D:3)
  3 hounds
  2 orc priests (D:3)
  3 worker ants
  Robin (D:3)
  3 gnolls (D:2)
  9 adders
  4 dart slugs
  8 leopard geckos
  8 orcs
  2 ball pythons (Sewer)
  7 bats
  8 giant cockroaches
  9 hobgoblins
  9 jackals
  17 kobolds
  A quokka (D:4)
  8 frilled lizards
  11 goblins
  5 rats
  A plant (Sewer)
123 creatures vanquished.

Vanquished Creatures (others)
  2 plants (Sewer)
2 creatures vanquished.

Grand Total: 125 creatures vanquished

Notes
Turn   | Place    | Note
-------+----------+-------------------------------------------
     0 | D:1      | Gargo the Gargoyle Earth Elementalist began the quest for the Orb.
     0 | D:1      | Reached XP level 1. HP: 10/10 MP: 3/3
   204 | D:2      | Reached XP level 2. HP: 15/15 MP: 1/5
   528 | D:1      | Reached XP level 3. HP: 17/19 MP: 4/7
   533 | D:1      | Learned a level 3 spell: Stone Arrow
  1193 | D:2      | Reached skill level 1 in Conjurations
  1193 | D:2      | Reached XP level 4. HP: 24/24 MP: 0/9
  1432 | D:3      | Noticed Grinder
  1695 | D:2      | Upgraded the game from 0.19.0-20-gbc5f0c6 to 0.19.0-22-gd96e5fe
  1785 | D:3      | Reached XP level 5. HP: 13/28 MP: 0/10
  2377 | D:3      | Paralysed by Grinder for 2 turns
  2406 | D:3      | Paralysed by Grinder for 7 turns
  2412 | D:3      | Killed Grinder
  2412 | D:3      | Reached skill level 5 in Earth Magic
  2412 | D:3      | Reached XP level 6. HP: 6/32 MP: 2/13
  2419 | D:3      | Learned a level 5 spell: Lee's Rapid Deconstruction
  2690 | D:3      | Found an opulent altar of Gozag.
  2817 | D:4      | Found a glowing drain.
  2825 | D:4      | Reached skill level 5 in Spellcasting
  2867 | Sewer    | Entered a sewer
  3163 | Sewer    | Reached XP level 7. HP: 36/36 MP: 6/14
  3674 | D:4      | Noticed TotoDurand's ghost (amateur NaIE)
  4073 | D:4      | Noticed Edmund
  4358 | D:3      | Found an opulent altar of Gozag.
  4390 | D:3      | Noticed Robin
  4714 | D:3      | Killed Edmund
  4837 | D:3      | Killed Robin
  5393 | D:5      | Entered Level 5 of the Dungeon
  5480 | D:4      | Killed TotoDurand's ghost
  5480 | D:4      | Reached XP level 8. HP: 25/41 MP: 1/17
  5663 | D:3      | HP: 1/41 [water moccasin (3)]
  5663 | D:3      | Slain by an orc wizard

Skill      XL: |  1  2  3  4  5  6  7 |
---------------+----------------------+-----
Earth Magic    | 4 5 6 |  6.6
Spellcasting   | 3 4 5 6 |  6.5
Conjurations   | 1 3 4 |  4.6
Dodging        | |  1.5
Stealth        | |  2.1
Transmutations | |  0.7

Action                   |  1- 3 |  4- 6 |  7- 9 || total
-------------------------+-------+-------+-------++-------
Melee: Short sword       |    23 |       |       ||    23
       Dagger            |     2 |    53 |     7 ||    62
       Flail             |       |       |    10 ||    10
 Fire: Blowgun           |       |       |     3 ||     3
 Cast: Sandblast         |    53 |   102 |   131 ||   286
       Stone Arrow       |       |     4 |     9 ||    13
Evoke: Wand              |       |       |     1 ||     1
  Use: Potion            |       |     2 |     3 ||     5
       Scroll            |       |     7 |     3 ||    10
 Stab: Sleeping          |     1 |       |       ||     1
  Eat: Chunk             |     1 |     6 |     9 ||    16
Armor: Robe              |    15 |    33 |    40 ||    88
       Leather armour    |       |       |    25 ||    25
Dodge: Dodged            |    31 |    61 |    70 ||   162
